[Event "ICC tourney 2545 (5 3)"]
[Site "Internet Chess Club"]
[Date "2021.04.11"]
[Round "8"]
[White "Boruoh"]
[Black "WestCoastGirl"]
[Result "0-1"]
[ICCResult "White forfeits on time"]
[WhiteElo "1274"]
[BlackElo "1421"]
[Opening "QGD Slav: 3.Nf3"]
[ECO "D11"]
[NIC "QP.09"]
[Time "17:06:29"]
[TimeControl "300+3"]

1. Nf3 d5 2. c4 c6 3. d4 Nf6 4. Bg5 Ne4 5. Nbd2 Nxg5 6. Nxg5 Nd7 7. cxd5
cxd5 8. e4 Nf6 9. e5 Ng4 10. h3 Nh6 11. e6 fxe6 12. Bb5+ Bd7 13. Nxe6 Qa5
14. Qh5+ g6 15. Qxd5 Bxb5 16. Qxb7 Kf7 17. Ng5+ Kg7 18. Qxa8 Bd3 19. Qf3
Qxg5 20. Qxd3 e6 21. Qf3 Bb4 22. Rd1 Rb8 23. Ke2 Nf5 24. Ne4 Qe7 25. g4 Nd6
26. Rc1 Rf8 27. Qb3 Nxe4 28. Rc4 Rxf2+ 29. Ke3 Bd2+ 30. Kxe4 Qf6
{White forfeits on time}
0-1

[Event "ICC tourney 2545 (5 3)"]
[Site "Internet Chess Club"]
[Date "2021.04.11"]
[Round "8"]
[White "justlucky"]
[Black "GiteshC"]
[Result "0-1"]
[ICCResult "White forfeits on time"]
[WhiteElo "1269"]
[BlackElo "1415"]
[Opening "French: Winawer (Nimzovich) variation"]
[ECO "C15"]
[NIC "FR.08"]
[Time "17:05:18"]
[TimeControl "300+3"]

1. e4 e6 2. d4 d5 3. Nc3 Bb4 4. Qg4 dxe4 5. Qxg7 Qf6 6. Qxf6 Nxf6 7. a3 Ba5
8. b4 Bb6 9. Be3 Nc6 10. Bb5 Bd7 11. Nge2 Rg8 12. O-O O-O-O 13. Rfd1 a6 14.
Bc4 Ne7 15. b5 a5 16. Na4 Ned5 17. Nc5 Nxe3 18. fxe3 Ng4 19. Rf1 Nxe3 20.
Rxf7 Nxc4 21. Rxh7 Bxb5 22. Nxe6 Rd6 23. a4 Bc6 24. N6f4 e3 25. c3 Nd2 26.
Rh5 Nf3+ 27. Kh1 Be4 28. Ng3 e2 29. Nxe4 e1=Q+ 30. Rxe1 Nxe1 31. Nxd6+ cxd6
32. Rd5 Kd7 33. g3 Nc2 34. Nh5 Bd8 35. Rxa5 Bxa5 36. Nf6+ Ke6 37. Nxg8 Bxc3
38. Nh6 Bxd4 39. Ng4 Ne3 {White forfeits on time} 0-1

[Event "ICC tourney 2545 (5 3)"]
[Site "Internet Chess Club"]
[Date "2021.04.11"]
[Round "8"]
[White "arconia"]
[Black "Hewett555"]
[Result "1-0"]
[ICCResult "Black checkmated"]
[WhiteElo "1005"]
[BlackElo "1185"]
[Opening "Scandinavian (center counter) defense"]
[ECO "B01"]
[NIC "VO.17"]
[Time "17:06:20"]
[TimeControl "300+3"]

1. e4 d5 2. e5 Bf5 3. d4 e6 4. Be2 c6 5. Nf3 Ne7 6. O-O Ng6 7. Nc3 Bb4 8.
Ng5 O-O 9. Bd3 Bxd3 10. cxd3 Nd7 11. f4 f6 12. Nxe6 Qe7 13. Nxf8 Rxf8 14.
Qh5 fxe5 15. f5 Nf4 16. Bxf4 exf4 17. Rxf4 g6 18. Qg4 g5 19. Rf3 Nf6 20. Qg3
Bxc3 21. bxc3 Nh5 22. Qg4 Ng7 23. Rh3 Re8 24. Rf1 Kh8 25. f6 Qe6 26. Qxg5
Rf8 27. Qxg7# {Black checkmated} 1-0

[Event "ICC tourney 2545 (5 3)"]
[Site "Internet Chess Club"]
[Date "2021.04.11"]
[Round "8"]
[White "romasru"]
[Black "iamkenoh"]
[Result "0-1"]
[ICCResult "White resigns"]
[WhiteElo "1292"]
[BlackElo "1505"]
[Opening "Réti: King's Indian attack (Barcza system)"]
[ECO "A07"]
[NIC "QP.09"]
[Time "17:05:45"]
[TimeControl "300+3"]

1. Nf3 d5 2. g3 Nc6 3. Bg2 e5 4. d3 f5 5. Nbd2 e4 6. dxe4 fxe4 7. Ng1 Nf6 8.
e3 Bg4 9. f3 exf3 10. Bxf3 Bxf3 11. Ngxf3 Ne4 12. O-O Bd6 13. c4 Nxd2 14.
Nxd2 dxc4 15. Nxc4 Qd7 16. Nxd6+ cxd6 17. b3 O-O-O 18. Bb2 Rhg8 19. Qf3 g6
20. e4 h5 21. Rac1 h4 22. e5 hxg3 23. Qxg3 d5 24. Rf6 g5 25. Rd6 Qe7 26.
Rxd8+ Rxd8 27. a3 Kb8 28. e6+ Ka8 29. Re1 d4 30. b4 Rd5 31. Qf3 Rd8 32. Qf7
Re8 33. Qxe7 Rxe7 34. Bc1 Nd8 35. Bxg5 Rxe6 36. Rxe6 Nxe6 37. Bd2 Kb8 38. h4
Kc8 39. h5 Nf8 40. h6 Kd7 41. Kf2 Ke6 42. Kf3 Kf5 43. Kg3 a6 44. Kh4 d3 45.
Kg3 Nh7 46. Kh4 Ke4 47. Kg4 Kd4 48. Kf5 Kd5 49. Kg6 Nf8+ 50. Kg7 Ne6+ 51.
Kf7 Nd8+ 52. Ke8 Ne6 53. h7 Ng7+ 54. Kf8 Ne6+ 55. Kg8 Nd4 56. h8=Q Kc4 57.
Qh4 Kd5 58. Qf4 Ne2 59. Qf5+ Kc4 60. Qc5+ Kb3 61. Qd4 Nxd4 62. Kf7 Kxa3 63.
Ke7 Kb3 64. Kd6 Kc2 65. Be3 Nb5+ 66. Kc5 d2 67. Bxd2 Kxd2 68. Kb6 Nd6 69.
Kc7 Kc3 70. Kxd6 Kxb4 71. Kc7 b5 72. Kb6 a5 {White resigns} 0-1

[Event "ICC tourney 2545 (5 3)"]
[Site "Internet Chess Club"]
[Date "2021.04.11"]
[Round "8"]
[White "Tavo"]
[Black "KingsizePawn"]
[Result "1-0"]
[ICCResult "Black resigns"]
[WhiteElo "1463"]
[BlackElo "1610"]
[Opening "Robatsch defense: three pawns attack"]
[ECO "B06"]
[NIC "KF.05"]
[Time "17:05:49"]
[TimeControl "300+3"]

1. e4 g6 2. d4 Bg7 3. f4 d6 4. c4 c5 5. d5 Nf6 6. Nc3 Qa5 7. Bd2 Qb6 8. Qc2
Na6 9. a3 Nc7 10. Nf3 Bg4 11. Be2 Bxf3 12. Bxf3 h5 13. h3 Qa6 14. Qd3 b6 15.
e5 Nd7 16. exd6 exd6 17. Qe4+ Kf8 18. O-O Bd4+ 19. Kh2 Qxc4 20. Qc2 Bxc3 21.
Bxc3 Kg8 22. Be2 Qxd5 23. Bxh8 Kxh8 24. Rad1 Qc6 25. Qc3+ Kh7 26. Bf3 d5 27.
Qd3 Qd6 28. Bxd5 Nxd5 29. Qxd5 Qxd5 30. Rxd5 Nf6 31. Rd6 Kg7 32. f5 g5 33.
Rc6 Rd8 34. Rc7 Rd2 35. b4 cxb4 36. axb4 a5 37. bxa5 bxa5 38. Ra7 Ra2 39.
Kg3 h4+ 40. Kf3 Nd5 41. Rf2 Ra3+ 42. Ke4 Nc3+ 43. Ke5 Nb5 44. f6+ Kg6 45.
Rb7 Nc3 46. Rf3 a4 47. Rc7 {Black resigns} 1-0

[Event "ICC tourney 2545 (5 3)"]
[Site "Internet Chess Club"]
[Date "2021.04.11"]
[Round "8"]
[White "JyothirUaditya"]
[Black "cap78red"]
[Result "1/2-1/2"]
[ICCResult "Black stalemated"]
[WhiteElo "1328"]
[BlackElo "1386"]
[Opening "Sicilian: Canal-Sokolsky (Nimzovich-Rossolimo, Moscow) attack"]
[ECO "B51"]
[NIC "SI.01"]
[Time "17:06:05"]
[TimeControl "300+3"]

1. e4 c5 2. Nf3 d6 3. Bb5+ Nc6 4. O-O a6 5. Bxc6+ bxc6 6. e5 Be6 7. exd6
exd6 8. d3 Nf6 9. Ng5 Be7 10. Qe2 Bg4 11. Qe1 O-O 12. c3 Nd5 13. Ne4 f5 14.
c4 fxe4 15. cxd5 cxd5 16. dxe4 dxe4 17. Qxe4 Bf5 18. Qc4+ d5 19. Qc3 Bxb1
20. Rxb1 d4 21. Qg3 Bd6 22. Qg4 Qc7 23. g3 Rf6 24. Bg5 Rg6 25. Qh5 d3 26.
Qf3 Rxg5 27. Qxa8+ Qb8 28. Qxb8+ Bxb8 29. Rbd1 c4 30. Rfe1 Rd5 31. Re8+ Kf7
32. Rxb8 a5 33. Rb7+ Kf6 34. b3 c3 35. Rc7 c2 36. Rd2 Rd7 37. Rc6+ Ke5 38.
Kf1 Rd6 39. Rc5+ Kd4 40. Rc4+ Ke5 41. Rc5+ Kd4 42. Rcxc2 Ke4 43. Rc4+ Ke5
44. Ke1 a4 45. f4+ Ke6 46. bxa4 Kf5 47. Rd4 Rxd4 48. a5 Ra4 49. Rxd3 Rxa5
50. a3 Ra4 51. Kd2 Kg4 52. Kc3 Kh3 53. Kb3 Ra7 54. Rd2 h6 55. a4 Ra5 56. Kb4
Ra7 57. a5 g5 58. fxg5 hxg5 59. Kb5 g4 60. Kb6 Rxa5 61. Kxa5 {Black
stalemated} 1/2-1/2

[Event "ICC tourney 2545 (5 3)"]
[Site "Internet Chess Club"]
[Date "2021.04.11"]
[Round "8"]
[White "pribi1978"]
[Black "JstackGA"]
[Result "0-1"]
[ICCResult "White checkmated"]
[WhiteElo "1624"]
[BlackElo "1467"]
[Opening "Réti opening"]
[ECO "A04"]
[NIC "QP.11"]
[Time "17:06:00"]
[TimeControl "300+3"]

1. Nf3 Nc6 2. g3 e5 3. Bg2 Nf6 4. d3 Bb4+ 5. Bd2 Bc5 6. O-O O-O 7. Nc3 a6 8.
Bg5 d6 9. Ne4 Bg4 10. Nfd2 d5 11. Nxc5 Nd4 12. Nf3 b6 13. Nxd4 bxc5 14. Nb3
Qd6 15. Bxf6 gxf6 16. Nd2 Rab8 17. b3 a5 18. c4 c6 19. h3 Bh5 20. g4 Bg6 21.
Nf3 a4 22. Nh4 axb3 23. axb3 Rb4 24. Ra3 Rfb8 25. Qc2 dxc4 26. bxc4 Rb2 27.
Qc3 Rxe2 28. Nxg6 fxg6 29. Bf3 Reb2 30. Ra6 R2b3 31. Qc2 Qxd3 32. Qxd3 Rxd3
33. Bxc6 Rxh3 34. Bd5+ Kg7 35. Ra7+ Kh6 36. Kg2 Rh4 37. Rh1 Rxh1 38. Kxh1
Rb2 39. Kg2 Kg5 40. Rxh7 Kxg4 41. Rc7 f5 42. Rxc5 g5 43. Rc7 e4 44. Re7 Kf4
45. c5 Rc2 46. c6 g4 47. c7 g3 48. Kg1 gxf2+ 49. Kf1 e3 50. Be6 Rc1+ 51. Ke2
f1=Q# {White checkmated} 0-1

[Event "ICC tourney 2545 (5 3)"]
[Site "Internet Chess Club"]
[Date "2021.04.11"]
[Round "8"]
[White "Keka34"]
[Black "GrandTurk"]
[Result "0-1"]
[ICCResult "White checkmated"]
[WhiteElo "1525"]
[BlackElo "1841"]
[Opening "Sicilian: Nimzovich-Rubinstein variation"]
[ECO "B29"]
[NIC "SI.43"]
[Time "17:05:22"]
[TimeControl "300+3"]

1. e4 c5 2. Nf3 Nf6 3. e5 Nd5 4. d4 cxd4 5. Qxd4 e6 6. Bd3 Nc6 7. Qg4 f5 8.
exf6 Nxf6 9. Qg3 Nb4 10. O-O Nxd3 11. cxd3 g6 12. Bg5 Bg7 13. Nc3 O-O 14.
Ne4 Qb6 15. Rab1 Nxe4 16. dxe4 d5 17. exd5 exd5 18. Ne5 Bf5 19. Rbd1 Qxb2
20. Nd3 Qxa2 21. Qd6 Rac8 22. Nf4 Rc6 23. Qxd5+ Qxd5 24. Nxd5 Kf7 25. Rfe1
Re6 26. Rxe6 Bxe6 27. Nc7 Rc8 28. Nxe6 Kxe6 29. f4 b5 30. Re1+ Kd5 31. Re7
Bd4+ 32. Kf1 b4 33. Rd7+ Kc4 34. Ke2 a5 35. Kd2 a4 36. Be7 Bc3+ 37. Kc2 a3
38. Kb1 Kb3 39. Ra7 Rc7 40. Rxc7 a2+ 41. Kc1 a1=Q# {White checkmated} 0-1

[Event "ICC tourney 2545 (5 3)"]
[Site "Internet Chess Club"]
[Date "2021.04.11"]
[Round "8"]
[White "DWGriff"]
[Black "CPS1218"]
[Result "0-1"]
[ICCResult "White resigns"]
[WhiteElo "1658"]
[BlackElo "1374"]
[Opening "Pirc: Austrian attack, 6.Bd3"]
[ECO "B07"]
[NIC "PU.02"]
[Time "17:05:45"]
[TimeControl "300+3"]

1. e4 d6 2. d4 g6 3. Nc3 Bg7 4. f4 Nf6 5. Nf3 O-O 6. Bd3 Bg4 7. h3 Bxf3 8.
Qxf3 Nc6 9. d5 Nd4 10. Qf2 c5 11. dxc6 Nxc6 12. Be3 e5 13. O-O-O a6 14. f5
Qc7 15. Bg5 h6 16. Bxf6 Bxf6 17. Nd5 Qd8 18. Rhf1 Bg5+ 19. Kb1 Kg7 20. g3 h5
21. h4 Bf6 22. Bc4 Nd4 23. c3 Nc6 24. Nxf6 Qxf6 25. fxg6 Qxg6 26. Qf5 Rad8
27. Rd2 b5 28. Bd5 Ne7 29. Qxg6+ Nxg6 30. Bb7 a5 31. Rfd1 f5 32. exf5 Rxf5
33. Rxd6 Rxd6 34. Rxd6 Rf1+ 35. Kc2 Rg1 36. Rd3 Kf6 37. Rf3+ Ke6 38. Be4 Ne7
39. Kb3 Nd5 40. a4 bxa4+ 41. Kxa4 Nf6 42. Bf5+ Kd5 43. Kxa5 e4 44. Rf2 Rxg3
45. Rd2+ Ke5 46. Bc8 e3 47. Re2 Kf4 48. Bb7 Ne4 49. c4 Nd6 50. Bd5 Nf5 51.
c5 Nd4 52. Re1 e2 53. Bc4 Ke3 54. c6 Nxc6+ 55. Kb6 Nd4 56. b4 Kd2
{White resigns}
0-1

[Event "ICC tourney 2545 (5 3)"]
[Site "Internet Chess Club"]
[Date "2021.04.11"]
[Round "8"]
[White "Radja"]
[Black "CKGhosh"]
[Result "0-1"]
[ICCResult "White forfeits on time"]
[WhiteElo "2126"]
[BlackElo "1904"]
[Opening "Sicilian: Najdorf, 6.f4"]
[ECO "B93"]
[NIC "SI.12"]
[Time "17:06:14"]
[TimeControl "300+3"]

1. e4 c5 2. Nf3 d6 3. d4 cxd4 4. Nxd4 Nf6 5. Nc3 a6 6. f4 Qb6 7. Nb3 Nbd7 8.
Qf3 h5 9. Be3 Qc7 10. O-O-O b5 11. Nd5 Nxd5 12. exd5 Nf6 13. Be2 Bf5 14. Rd2
Rc8 15. Qf2 Ne4 16. Bb6 Qxc2+ 17. Rxc2 Rxc2+ 18. Kxc2 Nxf2+ 19. Kd2 Nxh1 20.
a4 bxa4 21. Nd4 Bc8 22. Ke3 g6 23. Bd1 Bd7 24. Nc6 Bg7 25. Bxa4 Bxb2 26. Ke2
Bf6 27. Kf1 O-O 28. Kg1 e6 29. Kxh1 exd5 30. h3 Kg7 {White forfeits on time}
0-1

[Event "ICC tourney 2545 (5 3)"]
[Site "Internet Chess Club"]
[Date "2021.04.11"]
[Round "8"]
[White "jab"]
[Black "Ernie1"]
[Result "1-0"]
[ICCResult "Black resigns"]
[WhiteElo "1372"]
[BlackElo "1237"]
[Opening "Caro-Kann defense"]
[ECO "B10"]
[NIC "CK.01"]
[Time "17:06:01"]
[TimeControl "300+3"]

1. e4 c6 2. Nf3 d5 3. exd5 cxd5 4. d4 Nf6 5. c4 e6 6. Nc3 Bb4 7. a3 Bxc3+ 8.
bxc3 Ne4 9. Qc2 Qa5 10. Bd3 Qxc3+ 11. Qxc3 Nxc3 12. O-O dxc4 13. Bxc4 Nd5
14. Ne5 Nc6 15. f4 Nxd4 16. Bb2 Nc2 17. Rac1 Nce3 18. Rf3 O-O 19. Bb3 f6 20.
Nd3 Kf7 21. h3 Bd7 22. g4 Bb5 23. Nb4 Nxb4 24. axb4 Nd5 25. Rc5 Bc6 26. b5
b6 27. Rxc6 Nb4 28. Rc7+ Kg6 29. Ba3 Nd5 30. Rd7 Rfd8 31. Rxd8 Rxd8 32. Rd3
Rc8 33. Bxd5 exd5 34. Rxd5 Rc3 35. Bd6 Rxh3 36. Kg2 Rb3 37. Bb8 a5 38. bxa6
b5 39. a7 Ra3 40. Rxb5 {Black resigns} 1-0

[Event "ICC tourney 2545 (5 3)"]
[Site "Internet Chess Club"]
[Date "2021.04.11"]
[Round "8"]
[White "Astigmatist"]
[Black "TheOrcaPro"]
[Result "1-0"]
[ICCResult "Black resigns"]
[WhiteElo "1796"]
[BlackElo "1566"]
[Opening "French: Albin-Alekhine-Châtard attack"]
[ECO "C13"]
[NIC "FR.06"]
[Time "17:05:48"]
[TimeControl "300+3"]

1. e4 e6 2. d4 d5 3. Nc3 Nf6 4. Bg5 Be7 5. e5 Nfd7 6. h4 Bxg5 7. hxg5 Qxg5
8. Qd3 Qg6 9. Qd2 Nc6 10. Nf3 a6 11. O-O-O Nb6 12. Qf4 Qf5 13. Qg3 Qg6 14.
Qh3 Bd7 15. Bd3 f5 16. exf6 Qxf6 17. Qg3 O-O-O 18. Rxh7 Rxh7 19. Bxh7 Qh6+
20. Ng5 Rh8 21. Bd3 Nxd4 22. Kb1 Nf5 23. Bxf5 exf5 24. Nf7 Qh7 25. Nxh8 Qxh8
26. a3 Be6 27. Qe5 Qg8 28. Rh1 Nc4 29. Qh2 d4 30. Ne2 d3 31. cxd3 Nd2+ 32.
Kc2 Nb3 33. Qh8 Kd7 34. Qxg8 Bxg8 35. Rh8 Bd5 36. Rh7 Kc6 37. Nf4 Nd4+ 38.
Kc3 Nb5+ 39. Kd2 g5 40. Rh6+ Kc5 41. b4+ Kd4 42. Nxd5 Kxd5 43. Rh5 Ke5 44.
Rxg5 Kf4 45. Rg7 Nxa3 46. Rxc7 Nb5 47. Rxb7 Nd6 48. Rb6 Nf7 49. Rxa6
{Black resigns}
1-0

[Event "ICC tourney 2545 (5 3)"]
[Site "Internet Chess Club"]
[Date "2021.04.11"]
[Round "8"]
[White "Ashibarai"]
[Black "Ecalevolkk"]
[Result "1-0"]
[ICCResult "Black resigns"]
[WhiteElo "1732"]
[BlackElo "1650"]
[Opening "Benoni: fianchetto variation"]
[ECO "A62"]
[NIC "BI.23"]
[Time "17:06:12"]
[TimeControl "300+3"]

1. d4 Nf6 2. c4 e6 3. g3 c5 4. d5 exd5 5. cxd5 d6 6. Nc3 g6 7. Bg2 Bg7 8.
Nf3 O-O 9. O-O Re8 10. Nd2 Na6 11. Nc4 Nc7 12. Bf4 Bf8 13. a4 b6 14. Qd2 Ba6
15. b3 Bxc4 16. bxc4 Bg7 17. e4 Qe7 18. Rfe1 Ng4 19. e5 Nxe5 20. Bxe5 dxe5
21. d6 Rad8 22. Rad1 Qe6 23. Qe2 Rxd6 24. Nd5 Nxd5 25. Bxd5 Qd7 26. Qf3 Rf8
27. Rd2 Qe7 28. Red1 Rf6 29. Qe4 Rf5 30. Bc6 Qg5 31. Rd7 h5 32. h4 Qg4 33.
Qxg4 hxg4 34. Rxa7 Rb8 35. Rdd7 e4 36. Bxe4 Rf6 37. Bd5 Rf5 38. Bxf7+ Kh7
39. Bxg6+ Kxg6 40. Rxg7+ Kf6 41. Rxg4 Re5 42. Rf4+ Ke6 43. Rg7 Re1+ 44. Kg2
Ra1 45. Rg6+ Ke5 46. Rg5+ Ke6 47. h5 Rxa4 48. h6 b5 49. h7 Rh8 50. Rh4 Kf7
51. Rxc5 bxc4 52. Rcxc4 Ra2 53. Rc7+ Kg6 54. Rg4+ Kf6 55. Rg8 {Black
resigns} 1-0

[Event "ICC tourney 2545 (5 3)"]
[Site "Internet Chess Club"]
[Date "2021.04.11"]
[Round "8"]
[White "MasterZachary"]
[Black "Openyagami"]
[Result "0-1"]
[ICCResult "White resigns"]
[WhiteElo "2169"]
[BlackElo "2525"]
[Opening "Sicilian: Taimanov (Bastrikov) variation"]
[ECO "B47"]
[NIC "SI.40"]
[Time "17:05:07"]
[TimeControl "300+3"]

1. e4 c5 2. Nf3 Nc6 3. Nc3 e6 4. d4 cxd4 5. Nxd4 Qc7 6. g3 Nf6 7. Ndb5 Qb8
8. Bf4 e5 9. Bg5 a6 10. Na3 Be7 11. Bxf6 gxf6 12. Nc4 b5 13. Ne3 d6 14. Ncd5
Be6 15. Bg2 h5 16. h4 Qb7 17. c3 Rd8 18. Qf3 b4 19. Nxf6+ Bxf6 20. Qxf6 Rg8
21. Nf5 Kd7 22. Rd1 Kc7 23. O-O Rg6 24. Nxd6 Rxf6 25. Nxb7 Rxd1 26. Rxd1
Kxb7 27. cxb4 Nd4 28. a3 Bb3 29. Rd2 Rc6 30. f4 f6 31. Kf2 Rc1 32. Bf3 Nxf3
33. Kxf3 Rd1 34. Rf2 Rd3+ 35. Kg2 Be6 36. fxe5 fxe5 37. Rf6 Bg4 38. Rf7+ Rd7
39. Rf8 Rd2+ 40. Kg1 Rxb2 41. Re8 Rb3 42. Kf2 Rf3+ 43. Kg2 Rxa3 44. Rxe5 Rb3
45. Re7+ Kb6 46. Kf2 Rxb4 47. e5 Re4 48. Re8 a5 49. Kf1 a4 50. Ra8 Kb5 51.
Rb8+ Ka5 52. Ra8+ Kb4 {White resigns} 0-1

[Event "ICC tourney 2545 (5 3)"]
[Site "Internet Chess Club"]
[Date "2021.04.11"]
[Round "8"]
[White "e4f5"]
[Black "cstefan"]
[Result "1-0"]
[ICCResult "Black resigns"]
[WhiteElo "1935"]
[BlackElo "1948"]
[Opening "Alekhine's defense: exchange variation"]
[ECO "B03"]
[NIC "AL.08"]
[Time "17:06:20"]
[TimeControl "300+3"]

1. e4 Nf6 2. e5 Nd5 3. d4 d6 4. c4 Nb6 5. exd6 cxd6 6. Nc3 g6 7. Be3 Bg7 8.
Rc1 O-O 9. Bd3 Nc6 10. Nge2 Bg4 11. f3 Bf5 12. Bxf5 Nxc4 13. Bf2 gxf5 14.
Qd3 d5 15. Qxf5 e6 16. Qg4 Nxb2 17. Bh4 f5 18. Qxg7+ Kxg7 19. Bxd8 Nxd8 20.
Rb1 Nc4 21. Nf4 Kf7 22. Kf2 Rc8 23. Rhc1 a6 24. Na4 Rc6 25. Nc5 b5 26. Nfd3
Rb6 27. Nd7 Rd6 28. Nxf8 Kxf8 29. Ne5 Nc6 30. Nxc6 Rxc6 31. Ke2 Ke7 32. Kd3
Kd6 33. Rc3 Rb6 34. Rcb3 h5 35. a4 Kc6 36. axb5+ axb5 37. Kc3 Rb8 38. Ra1
Kb6 39. Rxb5+ Kxb5 40. Rb1+ Kc6 41. Rxb8 Ne3 42. Rg8 Kd6 43. Kd3 f4 44. g3
fxg3 45. hxg3 Nf5 46. g4 hxg4 47. fxg4 Nh6 48. Rg7 Kc6 49. Ke3 Kd6 50. Kf4
{Black resigns}
1-0

[Event "ICC tourney 2545 (5 3)"]
[Site "Internet Chess Club"]
[Date "2021.04.11"]
[Round "8"]
[White "fishmaster"]
[Black "Iulia85"]
[Result "1-0"]
[ICCResult "Black checkmated"]
[WhiteElo "2032"]
[BlackElo "1662"]
[Opening "Pirc defense"]
[ECO "B07"]
[NIC "PU.08"]
[Time "17:06:20"]
[TimeControl "300+3"]

1. d4 d6 2. e4 Nf6 3. Bd3 g6 4. Nf3 Bg7 5. h3 O-O 6. O-O Nbd7 7. c3 e5 8.
Re1 h6 9. Nbd2 Re8 10. dxe5 dxe5 11. Bc4 a5 12. a4 Nc5 13. Qc2 Qe7 14. Nb3
Nxb3 15. Qxb3 c6 16. Nxe5 Qxe5 17. Bxf7+ Kh7 18. Bxe8 Qxe8 19. e5 Nd5 20. c4
Nc7 21. f4 Qe7 22. Be3 Ne6 23. Rad1 Nf8 24. Qb6 Be6 25. b3 h5 26. Rd6 Re8
27. Red1 Bc8 28. Qxa5 Ne6 29. Qd2 Rf8 30. Rf1 Bh6 31. b4 Ng7 32. Bc5 Qf7 33.
Rf6 Qxc4 34. Rxf8 Qb3 35. Rxc8 Qg3 36. Qf2 Qb3 37. Bf8 Qxa4 38. Bxg7 Bxg7
39. Rc7 Qxb4 40. Rd1 Kh6 41. Rdd7 Qb1+ 42. Kh2 b5 43. Rxg7 b4 44. Rh7#
{Black checkmated}
1-0

[Event "ICC tourney 2545 (5 3)"]
[Site "Internet Chess Club"]
[Date "2021.04.11"]
[Round "8"]
[White "Swaggernaut99"]
[Black "Tudorache"]
[Result "1-0"]
[ICCResult "Black forfeits on time"]
[WhiteElo "1804"]
[BlackElo "1726"]
[Opening "Sicilian: Pelikan, Chelyabinsk variation"]
[ECO "B33"]
[NIC "SI.37"]
[Time "17:06:00"]
[TimeControl "300+3"]

1. e4 c5 2. Nf3 Nc6 3. d4 cxd4 4. Nxd4 Nf6 5. Nc3 e5 6. Ndb5 d6 7. Bg5 a6 8.
Na3 b5 9. Nd5 Be7 10. Bxf6 Bxf6 11. Nxf6+ Qxf6 12. c4 b4 13. Nc2 Rb8 14. b3
O-O 15. Be2 Bb7 16. O-O a5 17. Qd2 Rbd8 18. Rad1 Qg6 19. Qe3 Kh8 20. Qb6 Rd7
21. Ne3 Nd4 22. Bg4 Bxe4 23. Bxd7 Ne2+ 24. Kh1 f5 25. f3 Ba8 26. Rxd6 Qh5
27. Bxf5 Ng3+ 28. Kg1 Nxf1 29. Kxf1 Qxh2 30. Rd8 Qh1+ 31. Ke2 Bxf3+ 32. Kxf3
Qh5+ 33. g4 Qh3+ 34. Ke4 Qh1+ 35. Kxe5 Qh2+ 36. Ke6 Qh6+ 37. Kd5 g6 38. Qf6+
{Black forfeits on time}
1-0

[Event "ICC tourney 2545 (5 3)"]
[Site "Internet Chess Club"]
[Date "2021.04.11"]
[Round "8"]
[White "Abix4"]
[Black "Ohanessian"]
[Result "0-1"]
[ICCResult "White forfeits on time"]
[WhiteElo "1642"]
[BlackElo "1989"]
[Opening "Budapest defense declined"]
[ECO "A51"]
[NIC "QG.01"]
[Time "17:05:19"]
[TimeControl "300+3"]

1. d4 Nf6 2. c4 e5 3. d5 b5 4. e3 bxc4 5. Bxc4 c6 6. dxc6 Nxc6 7. Nf3 e4 8.
Nd4 Ne5 9. Bb3 Nd3+ 10. Kf1 Ba6 11. Kg1 Bc5 12. Nc3 O-O 13. Nf5 d5 14. h4
Qd7 15. Ng3 Bd6 16. Nce2 Rac8 17. Rh3 Qg4 18. Bd2 Nxb2 19. Qe1 Nd3 20. Qd1
Ne5 21. Nd4 Nc4 22. Be1 Qxd1 23. Rxd1 g6 24. h5 Bxg3 25. fxg3 Nxh5 26. Rxh5
gxh5 27. Nf5 Kh8 28. Rxd5 Rfd8 29. Ra5 Nxa5 30. Bxa5 Rd1+ 31. Kh2 Rcc1 32.
g4 Bc8 33. Ne7 h4 34. Bxd1 Rxd1 35. Nxc8 Kg7 36. Nxa7 Kg6 37. Bc3 Kg5 38. a4
Kxg4 39. a5 Rc1 40. Bd4 Rc2 {White forfeits on time} 0-1

[Event "ICC tourney 2545 (5 3)"]
[Site "Internet Chess Club"]
[Date "2021.04.11"]
[Round "8"]
[White "Chaos23"]
[Black "Chanakya"]
[Result "0-1"]
[ICCResult "White resigns"]
[WhiteElo "1882"]
[BlackElo "1832"]
[Opening "Réti opening"]
[ECO "A04"]
[NIC "QP.11"]
[Time "17:06:12"]
[TimeControl "300+3"]

1. Nf3 c6 2. d4 d5 3. e3 Bf5 4. c4 e6 5. Nc3 Nf6 6. Qb3 Qb6 7. c5 Qc7 8. Qa4
Nbd7 9. b4 Be7 10. Be2 b5 11. Qa6 Bd8 12. Ne5 Nxe5 13. dxe5 Nd7 14. f4 Nb8
15. Qa3 O-O 16. O-O a5 17. Bd2 Na6 18. bxa5 Be7 19. Qc1 Nxc5 20. g4 Be4 21.
Nxe4 Nxe4 22. Bxb5 Nxd2 23. Qxd2 cxb5 24. Rf2 Qxa5 25. Qe2 Rac8 26. Rb1 b4
27. Rg2 Qc5 28. h4 Qc4 29. Qf2 Rb8 30. Rb3 Rfd8 31. f5 d4 32. e4 d3 33. Qf4
d2 34. Rxd2 Qc1+ {White resigns} 0-1

[Event "ICC tourney 2545 (5 3)"]
[Site "Internet Chess Club"]
[Date "2021.04.11"]
[Round "8"]
[White "ZephyrrrYT"]
[Black "GYMEJR"]
[Result "0-1"]
[ICCResult "White resigns"]
[WhiteElo "1397"]
[BlackElo "1504"]
[Opening "Benoni defense"]
[ECO "A56"]
[NIC "OI.06"]
[Time "17:05:22"]
[TimeControl "300+3"]

1. d4 Nf6 2. c4 c5 3. dxc5 Nc6 4. Nf3 e6 5. Nc3 Bxc5 6. Bg5 h6 7. Bh4 O-O 8.
e3 Be7 9. Be2 d5 10. cxd5 exd5 11. O-O Be6 12. Nd4 Nxd4 13. Qxd4 Ne4 14.
Bxe7 Nxc3 15. Qxc3 Qxe7 16. Rac1 Rac8 17. Qd2 Qd7 18. Rxc8 Rxc8 19. Rc1
Rxc1+ 20. Qxc1 d4 21. exd4 Qxd4 22. a3 g6 23. h3 Kg7 24. Qc3 Qxc3 25. bxc3
Kf6 26. Kf1 Ke5 27. Ke1 Kd6 28. Kd2 Kc5 29. Kc2 Bd5 30. f3 g5 31. Bd3 b5 32.
Be2 f5 33. Bd3 f4 34. Bf5 Bc4 35. Bd3 a5 36. Bxc4 Kxc4 37. a4 bxa4 38. Kb2
a3+ 39. Kxa3 Kxc3 40. Ka4 Kd3 41. Kxa5 Ke3 42. Kb5 Kf2 43. Kc5 Kxg2 44. h4
Kxf3 45. Kd5 gxh4 46. Ke5 h3 47. Kf5 h2 48. Kg6 h1=Q 49. Kf5 Ke3 {White
resigns} 0-1

[Event "ICC tourney 2545 (5 3)"]
[Site "Internet Chess Club"]
[Date "2021.04.11"]
[Round "8"]
[White "GunSlinger"]
[Black "Macroeconomist"]
[Result "0-1"]
[ICCResult "White forfeits on time"]
[WhiteElo "1612"]
[BlackElo "1483"]
[Opening "Old Benoni: Franco-Benoni defense"]
[ECO "C01"]
[NIC "FR.01"]
[Time "17:05:50"]
[TimeControl "300+3"]

1. e4 e6 2. d4 c5 3. d5 exd5 4. exd5 d6 5. Nf3 Nf6 6. c4 g6 7. Nc3 Bg7 8. h3
O-O 9. Be2 Re8 10. O-O Bf5 11. Bg5 a6 12. Qd2 Qc7 13. Bd3 Bxd3 14. Qxd3 Nbd7
15. Rfe1 h6 16. Bf4 Nh5 17. Bh2 f5 18. Rxe8+ Rxe8 19. Re1 Rxe1+ 20. Nxe1 Ne5
21. Qe2 Nf6 22. Nf3 Nfd7 23. Nxe5 Nxe5 24. f4 Nd7 25. Kh1 Nf8 26. Bg1 Kf7
27. g4 fxg4 28. hxg4 Qd7 29. Kg2 Qe7 30. Qd3 Nd7 31. Bf2 Nf6 32. Kf3 h5 33.
g5 Ng4 34. Bh4 Bd4 35. Ne4 Bxb2 36. f5 Qe5 37. fxg6+ Kg7
{White forfeits on time}
0-1

[Event "ICC tourney 2545 (5 3)"]
[Site "Internet Chess Club"]
[Date "2021.04.11"]
[Round "8"]
[White "Morad-Magdy"]
[Black "HEM"]
[Result "1-0"]
[ICCResult "Black forfeits on time"]
[WhiteElo "1918"]
[BlackElo "1630"]
[Opening "King's Indian: Semi-Averbakh system"]
[ECO "E73"]
[NIC "KI.27"]
[Time "17:05:19"]
[TimeControl "300+3"]

1. d4 Nf6 2. c4 g6 3. Nc3 Bg7 4. e4 d6 5. Be2 O-O 6. Be3 c5 7. d5 b5 8. cxb5
a6 9. Nf3 axb5 10. Bxb5 Nxe4 11. Nxe4 Qa5+ 12. Bd2 Qxb5 13. Bc3 Ba6 14. Qd2
Nd7 15. Bxg7 Kxg7 16. a4 Qb4 17. Qxb4 cxb4 18. Nd4 Ne5 19. b3 Rfc8 20. Kd2
Bb7 21. f4 Bxd5 22. fxe5 dxe5 23. Nb5 Bxe4 24. Rhe1 f5 25. g4 Rd8+ 26. Ke2
Rac8 27. Rac1 fxg4 28. Nc7 Bf5 29. Kf1 e4 30. a5 Rd2 31. a6 Rf8 32. Kg1 g3
33. hxg3 Bh3 34. Rxe4 Rff2 35. Rxe7+ Kh6 36. a7 Rg2+ 37. Kf1 Rge2+ 38. Kg1
Rg2+ 39. Kf1 Rgf2+ 40. Ke1 Rf8 41. a8=Q {Black forfeits on time} 1-0